 Dungeon Crawl Stone Soup version 0.15.1-1-gfacfea3 (webtiles) character file.

423844 Johnny the Frost Mage (level 21, -10/159 HPs)
             Began as a Demigod Ice Elementalist on Sept 26, 2014.
             Killed by the air
             ... invoked by a titan
              (32 damage)
             ... on Level 5 of the Vaults on Sept 27, 2014.
             The game lasted 08:40:07 (91621 turns).

Johnny the Frost Mage (Demigod Ice Elementalist)   Turns: 91621, Time: 08:40:07

HP -10/159       AC 36     Str 17      XL: 21   Next: 44%
MP   4/45        EV 17     Int 35      God:
Gold 2069        SH  9     Dex 19      Spells:  8 memorised,  2 levels left

rFire  . . .     SeeInvis .     x - +9 dagger (protect)
rCold  . . .     Clarity  +     N - +5 ring mail {rPois}
rNeg   + . .     rCorr    .     J - +3 buckler {AC+3}
rPois  +         rRot     .     A - +2 helmet {Int+3}
rElec  .         Spirit   .     B - +0 cloak
SustAb .         Warding  .     U - +2 pair of gloves {Str+3}
rMut   .         Stasis   .     K - +2 pair of boots {run}
Gourm  .                        v - amulet of the Four Winds {Clar rN+ MR+++}
MR     +++++                    l - ring of regeneration
                                e - ring of magical power

@: studying Shields, quick, almost entirely resistant to hostile enchantments,
stealthy
A: iridescent scales 1, agile 1, frail 1, low mp 1, placid magic 1
a: no special abilities
}: 3/15 runes: barnacled, slimy, gossamer


You were on level 5 of the Vaults.
You were very hungry.

You visited 8 branches of the dungeon, and saw 51 of its levels.
You visited 1 bazaar.
You also visited: Bailey and Ice Cave.

You collected 5531 gold pieces.
You spent 3462 gold pieces at shops.

Inventory:

Hand weapons
 w - the +2 flail of the Eggplant {speed, rElec rF+}
   (You took it off a deep elf sorcerer on level 3 of the Elven Halls)

   Attacks with this weapon are significantly faster.
   It protects you from fire.
   It insulates you from electricity.
 x - a +9 dagger of protection (weapon)
Armour
 A - a +2 helmet of intelligence (worn)
 B - a +0 cloak (worn)
 J - a +3 buckler of protection (worn)
 K - a +2 pair of boots of running (worn)
 N - a +5 ring mail of poison resistance (worn)
 U - a +2 pair of gloves of strength (worn)
Magical devices
 a - a wand of teleportation (3)
 i - a wand of paralysis (3)
 q - a wand of heal wounds (0)
 u - a wand of digging (14)
 M - a wand of digging (1)
 O - a wand of fire (2)
Comestibles
 c - 4 beef jerkies
 f - a slice of pizza
 g - 32 bread rations
 h - 2 chunks of sphinx flesh
 s - 19 meat rations
Scrolls
 d - 13 scrolls of remove curse
 j - 7 scrolls of identify
 r - 2 scrolls of fog
 y - 2 scrolls of silence
 L - 5 scrolls of vulnerability
 P - 2 scrolls of holy word
 Q - 7 scrolls of amnesia
 Z - a scroll of magic mapping
Jewellery
 b - an uncursed ring of positive energy
 e - a ring of magical power (left hand)
 l - a ring of regeneration (right hand)
 n - an uncursed ring of magical power
 t - an uncursed ring of protection from fire
 v - the amulet of the Four Winds (around neck) {Clar rN+ MR+++}
   (You found it on level 3 of the Elven Halls)

   [amulet of clarity]

   It provides mental clarity.
   It protects you from negative energy.
   It affects your resistance to hostile enchantments.
 H - an uncursed ring of see invisible
Potions
 k - 5 potions of curing
 m - 3 potions of porridge
 p - a potion of cure mutation
 z - 4 potions of flight
 D - 2 potions of berserk rage
 F - 3 potions of agility
 G - 12 potions of brilliance
 I - 8 potions of restore abilities
 W - 3 potions of cancellation
 X - 4 potions of might
Books
 o - a manual of Shields
Miscellaneous
 S - a crystal ball of energy


   Skills:
 * Level 12.9 Fighting
 + Level 10.1 Armour
 + Level 10.0 Dodging
 + Level 10.5 Stealth
 + Level 5.6 Shields
 * Level 12.6 Spellcasting
 * Level 12.2 Conjurations
 * Level 10.9 Hexes
   Level 5.0 Charms
 * Level 11.8 Summonings
 * Level 13.8 Ice Magic
 * Level 10.7 Air Magic
 * Level 9.3 Earth Magic
 + Level 10.3 Evocations


You had 2 spell levels left.
You knew the following spells:

 Your Spells              Type           Power        Failure   Level  Hunger
a - Freezing Cloud        Conj/Ice/Air   ######....   1%          6    ###....
b - Sticky Flame          Conj/Fire      #####...     1%          4    None
c - Monstrous Menagerie   Summ           ######....   1%          6    ###....
d - Throw Icicle          Conj/Ice       ######..     0%          4    None
e - Cause Fear            Hex            ######....   1%          4    None
f - Mass Confusion        Hex            ######....   1%          6    ###....
g - Iron Shot             Conj/Erth      ######....   1%          6    ###....
h - Summon Hydra          Summ           ######....   9%          7    #####..


Dungeon Overview and Level Annotations

Branches:
Dungeon (15/15)            Temple (0/1) D:6             Orc (4/4) D:12
    Elf (3/3) Orc:4          Lair (8/8) D:10         Shoals (5/5) Lair:5
 Spider (5/5) Lair:6        Slime (6/6) Lair:6       Vaults (5/5) D:13
  Crypt (0/3) Vaults:3     Depths (0/5) D:15

Shops:
D:4 *   D:8 ?}!   Orc:4 ?=**   Vaults:1 %

Annotations:
Vaults:2 Mennas


Innate Abilities, Weirdness & Mutations

You are partially covered in iridescent scales (AC +4).
You are agile. (Dex +2)
You are frail (-10% HP).
Your magical capacity is low (-10% MP).
Your spells are a little easier to cast, but a little less powerful.


Message History

The quicksilver dragon misses you.
The vault guard hits you but does no damage.
You block the quicksilver dragon's attack.
The quicksilver dragon claws you but does no damage.
The deep elf conjurer points at you and mumbles some strange words.
The bolt of cold misses you.
The vault guard hits you but does no damage.
Evoke which item? (* to show all) (? for menu, Esc to quit)
Zapping:
a - a wand of teleportation (4)
Press: ? - help, Shift-Dir - straight line, f - you You feel strangely unstable.
This wand has 3 charges left.
The quicksilver dragon completely misses you.
The quicksilver dragon closely misses you.
The quicksilver dragon breathes energy at you.
The bolt of dispelling energy hits you!
You feel strangely stable.
* * * LOW HITPOINT WARNING * * *
The titan waves its arms in wide circles.
The air twists around and strikes you!
You die...

### .. .. #####
#############C..
.Q*.*.
.................
.....s
......e..@.....#
#.eQ$#
....##.Dp.#####
C. #....# #....##
#C...# ....##
#....# ....##
....


You could see a titan, a quicksilver dragon, a stone giant, a vault guard and a
deep elf conjurer.

Vanquished Creatures
  Margery (Vaults:2)
  A tentacled monstrosity (Vaults:5)
  A lich (Vaults:1)
  2 deep elf blademasters
  2 deep elf master archers (Elf:3)
  2 sphinxes
  9 acid blobs
  A kraken (Shoals:5)
  Kirke (Elf:3)
  Roxanne (Shoals:3)
  Ilsuiw (Shoals:5)
  2 tengu reavers
  5 deep elf sorcerers
  4 azure jellies
  Maud (Lair:3)
  3 ghost moths (Spider:5)
  2 fire giants
  10 emperor scorpions
  16 vault wardens
  A very ugly thing (Vaults:2)
  6 deep elf demonologists (Elf:3)
  A large abomination (Vaults:2)
  A stone giant (Vaults:4)
  2 ettins
  7 deep elf annihilators (Elf:3)
  5 deep elf death magi
  Snorg (Shoals:3)
  7 merfolk impalers (Shoals:5)
  9 merfolk javelineers
  A death ooze (Slime:6)
  11 yaktaur captains
  4 deep elf high priests
  Josephine (D:10)
  12 ironheart preservers
  7 great orbs of eyes
  11 vault guards
  2 hydras
  An ice dragon (Vaults:2)
  8 ogre magi
  A ravenous feature mimic (Spider:2)
  5 sirens
  Erica (Orc:2)
  A dancing weapon (Vaults:2)
  A deep troll earth mage (Vaults:1)
  6 centaur warriors
  A ghost crab (Vaults:3)
  12 death yaks
  A satyr (Shoals:4)
  2 tengu warriors
  5 merfolk aquamancers
  5 orc high priests (Orc:4)
  A catoblepas (Shoals:3)
  Nergalle (Lair:4)
  A shadow wraith (Vaults:2)
  11 sea snakes
  4 hell knights (Vaults:2)
  13 deep trolls
  25 orb spiders
  3 fire crabs
  4 flayed ghosts
  9 deep elf knights
  A skeletal warrior (Vaults:3)
  9 unseen horrors
  A wizard (D:14)
  9 deep elf summoners
  A giant orange brain (Vaults:3)
  A tengu zombie (Vaults:2)
  6 hill giants
  14 ironbrand convokers
  2 necromancers (Vaults:2)
  9 deep elf conjurers
  11 harpies
  15 orc knights
  A tengu skeleton (Vaults:2)
  31 ugly things
  35 wolf spiders
  5 shining eyes
  6 cyclopes
  A shining eye (shapeshifter) (Elf:1)
  A phantasmal warrior (Vaults:2)
  2 fauns (Shoals:4)
  2 orc sorcerers
  A moth of wrath (shapeshifter) (Elf:3)
  15 red wasps
  17 griffons
  8 manticores
  5 elephants
  2 moths of wrath (Spider:5)
  A mermaid (shapeshifter) (Vaults:2)
  18 vault sentinels
  5 water nymphs
  A sixfirhy (Elf:1)
  2 centaur zombies
  An eye of devastation (Slime:3)
  7 spiny frogs
  10 mermaids
  2 gargoyles
  A torpor snail (Spider:2)
  A komodo dragon (Lair:6)
  2 yaktaurs (shapeshifter)
  3 tengu conjurers
  A redback zombie (D:14)
  11 deep elf priests
  4 kobold demonologists
  14 demonic crawlers
  A fire drake (Lair:6)
  An item mimic (Spider:2)
  46 yaktaurs
  An efreet (D:14)
  A fire drake (shapeshifter) (Elf:3)
  An elf (shapeshifter) (Vaults:4)
  32 jumping spiders
  A freezing wraith (Vaults:1)
  A polar bear (shapeshifter) (Elf:3)
  28 merfolk
  A raiju (shapeshifter) (Vaults:4)
  16 two-headed ogres
  A wind drake (shapeshifter) (D:15)
  2 boulder beetles
  A giant leech (Lair:7)
  8 snapping turtles
  2 wind drakes
  9 ravens
  A slime creature (shapeshifter) (Elf:1)
  8 trolls
  68 slime creatures
  5 blink frogs
  25 trapdoor spiders
  A spectral orc (Lair:4)
  3 basilisks
  A spriggan (Lair:2)
  31 tarantellas
  51 redbacks
  3 hogs (Elf:3)
  10 golden eyes
  23 deep elf magi
  2 basilisks (shapeshifter) (Vaults:4)
  A human (D:10)
  8 water elementals
  A hill giant zombie (D:14)
  2 hungry ghosts
  2 vampires
  2 wyverns
  7 yaks
  13 vampire mosquitoes
  21 deep elf fighters
  3 wraiths
  7 hippogriffs
  4 wolves
  A hill giant skeleton (D:13)
  6 wargs
  Edmund (D:4)
  7 water moccasins
  4 porcupines
  2 mottled dragons
  A sky beast (D:5)
  34 spiders
  8 yellow wasps
  A deep troll skeleton (Vaults:2)
  3 phantoms
  29 ogres
  8 crocodiles
  A human simulacrum (Vaults:1)
  19 ice beasts
  37 orc warriors
  A boring beetle (Spider:1)
  Sigmund (D:4)
  17 centaurs
  5 boggarts
  2 big kobolds
  An elf simulacrum (Vaults:1)
  A brain worm (D:14)
  4 eyes of draining
  12 giant frogs
  8 scorpions
  A boulder beetle zombie (Vaults:2)
  6 killer bees
  3 wights
  A hippogriff zombie (D:11)
  A hippogriff skeleton (D:13)
  A troll skeleton (D:13)
  2 electric eels
  A basilisk zombie (D:13)
  6 crimson imps
  A giant frog zombie (D:6)
  3 centaur skeletons
  25 orc priests
  An elf zombie (D:12)
  19 jellies
  An elf skeleton (D:10)
  10 hounds
  An iron imp (D:5)
  2 orange rats (Elf:2)
  18 orc wizards
  10 worker ants
  3 iguanas
  8 sheep
  A boulder beetle simulacrum (Vaults:2)
  Jessica (D:3)
  An ogre skeleton (D:6)
  18 adders
  13 green rats
  A shadow imp (D:13)
  An inept feature mimic (D:9)
  A white imp (D:13)
  An inept item mimic (Orc:1)
  A worm (D:4)
  3 giant geckos
  An ooze (D:4)
  99 orcs
  A ball python (D:1)
  11 bats
  A giant cockroach (D:3)
  19 goblins
  13 hobgoblins
  16 jackals
  8 giant newts
  2 giant spores
  27 kobolds
  A kobold zombie (D:3)
  6 quokkas
  A quokka skeleton (D:4)
  18 rats
  3 ballistomycetes
  5 crawling corpses
  A plant (Shoals:3)
1640 creatures vanquished.

Vanquished Creatures (collateral kills)
  the royal jelly (Slime:6)
  Xtahua (Vaults:4)
  Nikola (Elf:3)
  Arachne (Spider:2)
  12 acid blobs
  A sphinx (Vaults:5)
  A fire giant (Vaults:5)
  10 azure jellies
  Wiglaf (Vaults:4)
  A deep elf sorcerer (Elf:3)
  3 emperor scorpions
  Gastronok (Lair:1)
  2 vault wardens (Vaults:5)
  A war gargoyle (Vaults:5)
  A stone giant (Vaults:5)
  A deep elf demonologist (Elf:1)
  An ettin (Vaults:4)
  2 merfolk javelineers (Shoals:2)
  An ironheart preserver (Vaults:5)
  7 death oozes
  7 vault guards
  Harold (Lair:4)
  An ice dragon (Vaults:4)
  2 hydras
  2 sirens (Shoals:1)
  2 great orbs of eyes
  An alligator snapping turtle (Shoals:4)
  4 ogre magi
  2 merfolk aquamancers
  A shock serpent (shapeshifter) (Vaults:5)
  9 death yaks
  2 wizards (D:11)
  A deep elf knight (Elf:1)
  2 sea snakes (Shoals:1)
  3 orb spiders
  5 hill giants
  A giant orange brain (Slime:5)
  2 ironbrand convokers
  3 griffons
  4 oklob plants (Lair:4)
  11 wolf spiders
  4 harpies (Shoals:1)
  3 cyclopes
  4 red wasps
  3 water nymphs
  A moth of wrath (Spider:2)
  9 orc knights
  A phantasmal warrior (Vaults:3)
  5 shining eyes
  8 fauns
  A manticore (D:11)
  5 mermaids
  A vault sentinel (Vaults:5)
  8 elephants
  A torpor snail (Spider:2)
  12 spiny frogs
  5 black mambas
  4 komodo dragons
  Psyche (D:8)
  3 demonic crawlers
  A freezing wraith (Vaults:3)
  A komodo dragon (shapeshifter) (Vaults:5)
  3 polar bears
  2 deep elf priests (Elf:1)
  4 jumping spiders
  3 fire drakes
  A kobold demonologist (D:12)
  A queen bee (Lair:7)
  8 two-headed ogres
  3 giant leeches (Lair:8)
  The ghost of teukkam the Grasshopper, an average DrWr (D:6)
  7 merfolk
  A raiju (shapeshifter) (Orc:4)
  A troll (D:11)
  40 slime creatures
  A hydra skeleton (D:12)
  A boulder beetle (Vaults:4)
  3 snapping turtles
  A basilisk (Lair:6)
  22 blink frogs
  2 trapdoor spiders (Spider:2)
  9 deep elf magi
  16 redbacks
  3 water elementals
  2 wyverns
  6 tarantellas
  A wraith (D:11)
  6 hippogriffs
  9 yaks
  An elf skeleton (D:10)
  10 deep elf fighters
  3 wargs
  22 golden eyes
  5 vampire mosquitoes (Lair:8)
  29 orc warriors
  8 water moccasins
  15 wolves
  5 porcupines
  16 ogres
  A manticore zombie (D:10)
  2 sky beasts
  14 spiders
  2 necrophages
  An ice beast (IceCv)
  A yellow wasp (Spider:5)
  3 black bears
  12 centaurs
  4 boring beetles
  A brain worm (D:12)
  11 crocodiles
  2 big kobolds
  Blork the orc (D:7)
  23 giant frogs
  A gnoll sergeant (D:9)
  26 killer bees
  5 scorpions
  2 eyes of draining
  A yak skeleton (D:10)
  5 wights
  3 electric eels
  A goliath beetle (D:7)
  10 jellies
  A giant frog zombie (D:10)
  A quasit (D:8)
  3 hounds
  15 orc wizards
  3 iguanas
  22 orc priests
  A basilisk skeleton (D:9)
  4 spectral orcs (Lair:4)
  A worker ant (D:8)
  20 sheep
  Ijyb (D:5)
  13 adders
  7 gnolls
  A hound simulacrum (D:10)
  56 green rats
  A giant gecko (D:7)
  145 orcs
  A giant cockroach (D:8)
  A hobgoblin (D:7)
  2 jackals (D:6)
  3 quokkas
  A bat (D:6)
  A goblin (Orc:1)
  9 kobolds
  A rat skeleton (D:5)
  A ballistomycete (D:8)
  A crawling corpse (Elf:3)
  2 fungi (Lair:8)
  4 plants
922 creatures vanquished.

Vanquished Creatures (others)
  Asterion (Vaults:2)
  An acid blob (Slime:6)
  A death ooze (Slime:6)
  10 hydras
  An ogre mage (Vaults:5)
  A great orb of eyes (Slime:6)
  19 harpies
  17 lindwurms
  16 manticores
  A cyclops (shapeshifter) (Vaults:5)
  An eye of devastation (Slime:6)
  12 drowned souls
  2 two-headed ogres (Vaults:5)
  A boulder beetle (Vaults:5)
  8 slime creatures (Slime:6)
  A deep elf fighter (Elf:1)
  A human (Elf:3)
  2 lost souls (Elf:3)
  4 ogres (Vaults:5)
  264 ice beasts
  An orc (Orc:2)
  2 giant spores
  11 fungi (Lair:8)
  42 plants
  4 tentacles (Shoals:5)
  3 tentacle segments (Shoals:5)
427 creatures vanquished.

Grand Total: 2989 creatures vanquished

Notes
Turn   | Place    | Note
--------------------------------------------------------------
     0 | D:1      | Johnny, the Demigod Ice Elementalist, began the quest for the Orb.
     0 | D:1      | Reached XP level 1. HP: 14/14 MP: 3/3
   201 | D:1      | Reached XP level 2. HP: 14/20 MP: 4/4
   998 | D:2      | Reached skill level 1 in Armour
  1019 | D:2      | Reached XP level 3. HP: 20/27 MP: 8/8
  1111 | D:2      | Reached skill level 3 in Ice Magic
  1868 | D:3      | Noticed Jessica
  1877 | D:3      | Killed Jessica
  1877 | D:3      | Reached XP level 4. HP: 30/34 MP: 11/11
  2070 | D:3      | Reached skill level 1 in Fighting
  2334 | D:4      | Noticed Edmund
  2593 | D:4      | Learned a level 4 spell: Summon Ice Beast
  2632 | D:4      | Killed Edmund
  2632 | D:4      | Reached XP level 5. HP: 30/40 MP: 14/14
  2686 | D:4      | Noticed Sigmund
  3147 | D:4      | Killed Sigmund
  3147 | D:4      | Reached XP level 6. HP: 47/47 MP: 17/17
  3369 | D:4      | Found Emia's Assorted Antiques.
  3379 | D:4      | Bought a crude crystal amulet for 105 gold pieces
  3379 | D:4      | Bought a scroll labeled BORIKE QEEH for 21 gold pieces
  3402 | D:4      | Identified the amulet "Kuxziq" {Stasis -Cast +Fly rPois} (You bought it in a shop on level 4 of the Dungeon)
  3706 | D:4      | Reached skill level 1 in Summonings
  3752 | D:5      | Entered Level 5 of the Dungeon
  3841 | D:5      | Found a sparkling altar of Nemelex Xobeh.
  4099 | D:5      | Noticed Grinder
  4102 | D:5      | Paralysed by Grinder for 5 turns
  4112 | D:5      | Paralysed by Grinder for 2 turns
  4131 | D:5      | Noticed Grinder
  4131 | D:5      | Grinder changed into Grinder the iron imp
  4143 | D:5      | Killed Grinder the iron imp
  4143 | D:5      | Reached skill level 4 in Ice Magic
  4834 | D:5      | Noticed Ijyb
  4843 | D:5      | Killed Ijyb
  4843 | D:5      | Reached XP level 7. HP: 47/53 MP: 16/19
  5020 | D:6      | Noticed teukkam's ghost (average DrWr)
  5063 | D:6      | Killed teukkam's ghost
  5477 | D:6      | Got an ichor-stained scale mail
  5488 | D:6      | Identified the cursed -5 scale mail of Eternal Vigilance {Str+2 Dex+3} (You found it on level 6 of the Dungeon)
  5557 | D:6      | Found a staircase to the Ecumenical Temple.
  6073 | D:6      | Reached XP level 8. HP: 44/62 MP: 21/21
  6227 | D:4      | Bought a bone hand axe for 168 gold pieces
  6229 | D:4      | Identified the cursed +8 hand axe "Futzossu" {pain, rN+ Str+3 Dex-2} (You bought it in a shop on level 4 of the Dungeon)
  6394 | D:7      | Reached skill level 5 in Ice Magic
  6409 | D:7      | Identified a scroll of acquirement
  6414 | D:7      | Got a pair of ichor-stained gloves
  6420 | D:7      | Identified the +0 pair of gloves of Mneras {Dex+2 Slay+2} (You acquired it on level 7 of the Dungeon)
  6562 | D:7      | Noticed Blork the orc
  6574 | D:7      | Killed Blork the orc
  7435 | D:8      | Noticed a hill giant
  7451 | D:8      | Killed a hill giant
  7722 | D:8      | Reached skill level 5 in Spellcasting
  7722 | D:8      | Reached XP level 9. HP: 66/69 MP: 24/24
  7947 | D:8      | Found Wiamoth's Food Shoppe.
  8068 | D:8      | Found Rutuxt's Gadget Boutique.
  8085 | D:8      | Found Ozoedy's Magic Scroll Emporium.
  8095 | D:8      | Bought a scroll of teleportation for 36 gold pieces
  8095 | D:8      | Bought a scroll of identify for 24 gold pieces
  8095 | D:8      | Bought a scroll of identify for 24 gold pieces
  8095 | D:8      | Bought a scroll of identify for 24 gold pieces
  8315 | D:8      | Noticed Psyche
  8325 | D:8      | Killed Psyche
  8435 | D:8      | Learned a level 4 spell: Throw Icicle
  8474 | D:8      | Found Noifryig's Distillery.
  8652 | D:9      | Reached skill level 1 in Conjurations
  8652 | D:9      | Reached skill level 6 in Ice Magic
  8875 | D:9      | Reached skill level 1 in Evocations
  9505 | D:9      | Found a shattered altar of Ashenzari.
  9629 | D:10     | Entered Level 10 of the Dungeon
  9648 | D:10     | Noticed Josephine
  9690 | D:10     | Killed Josephine
  9690 | D:10     | Reached XP level 10. HP: 57/80 MP: 8/26
  9781 | D:10     | Reached skill level 5 in Stealth
 10076 | D:10     | Reached skill level 5 in Summonings
 10104 | D:10     | Noticed a komodo dragon
 10117 | D:10     | Got a silk robe
 10135 | D:10     | Killed a komodo dragon
 10161 | D:10     | Reached skill level 5 in Dodging
 10231 | D:10     | Identified the +4 robe "Zasch" {rN+} (You found it on level 10 of the Dungeon)
 10246 | D:10     | Found a staircase to the Lair.
 10375 | D:10     | Noticed a hill giant
 10393 | D:10     | Killed a hill giant
 10953 | D:10     | Reached skill level 5 in Fighting
 11276 | D:8      | Bought a scroll of teleportation for 36 gold pieces
 11276 | D:8      | Bought a scroll of teleportation for 36 gold pieces
 11276 | D:8      | Bought a scroll of teleportation for 36 gold pieces
 11276 | D:8      | Bought a scroll of remove curse for 36 gold pieces
 11276 | D:8      | Bought a scroll of recharging for 114 gold pieces
 11451 | Lair:1   | Entered Level 1 of the Lair of Beasts
 11488 | Lair:1   | Noticed Gastronok
 11502 | Lair:1   | Killed Gastronok
 11502 | Lair:1   | Reached skill level 7 in Ice Magic
 11757 | Lair:1   | Reached skill level 5 in Armour
 12763 | Lair:2   | Reached XP level 11. HP: 88/88 MP: 28/28
 13802 | Lair:3   | Noticed Maud
 13826 | Lair:3   | Killed Maud
 14086 | Lair:4   | Noticed Harold
 14100 | Lair:4   | Killed Harold
 14329 | Lair:4   | Noticed Nergalle
 14888 | Lair:4   | Killed Nergalle
 15632 | Lair:5   | Reached skill level 5 in Conjurations
 15676 | Lair:5   | Reached skill level 8 in Ice Magic
 16113 | Lair:5   | Found a staircase to the Shoals.
 16369 | Lair:6   | Noticed a four-headed hydra
 16389 | Lair:6   | Killed a four-headed hydra
 16389 | Lair:6   | Reached XP level 12. HP: 75/96 MP: 4/30
 16491 | Lair:6   | Noticed a death yak
 16491 | Lair:6   | Noticed a death yak
 16492 | Lair:6   | Noticed a death yak
 16510 | Lair:6   | Killed a death yak
 16520 | Lair:6   | Killed a death yak
 16525 | Lair:6   | Killed a death yak
 16670 | Lair:6   | Found a viscous altar of Jiyva.
 16672 | Lair:6   | Found a staircase to the Slime Pits.
 16912 | Lair:6   | Gained mutation: You are agile. (Dex +2) [potion of beneficial mutation]
 16974 | Lair:6   | Found a hole to the Spider Nest.
 18088 | Lair:7   | Noticed a five-headed hydra
 18094 | Lair:7   | Killed a five-headed hydra
 18123 | Lair:7   | Learned a level 4 spell: Sticky Flame
 18483 | Lair:8   | Entered Level 8 of the Lair of Beasts
 18483 | Lair:8   | Found a frozen archway.
 18501 | Lair:8   | Noticed a seven-headed hydra
 18502 | Lair:8   | Got a distressingly furry ring mail
 18515 | IceCv    | Entered an ice cave
 18570 | IceCv    | Identified the cursed -4 ring mail "Bloirph Iguux" {+Inv rElec} (You found it on level 8 of the Lair of Beasts)
 18971 | Lair:7   | Reached skill level 5 in Evocations
 19897 | Lair:8   | Killed a seven-headed hydra
 19985 | Lair:8   | Reached XP level 13. HP: 72/105 MP: 4/32
 20850 | Lair:8   | Reached skill level 9 in Ice Magic
 21512 | Lair:8   | Identified the Grimoire of Hexes
 21527 | Lair:8   | Learned a level 4 spell: Cause Fear
 22146 | D:11     | Identified Ts'ui PĂȘn's Grimoire of Forking Paths
 22158 | D:11     | Identified the Tome of Dhcmrlchtdj
 22169 | D:11     | Identified the Papyrus of Plaster Cramp
 22358 | D:11     | Found a glowing golden altar of the Shining One.
 22374 | D:11     | Reached skill level 1 in Hexes
 22381 | D:11     | Learned a level 5 spell: Lightning Bolt
 23137 | D:12     | Found a staircase to the Orcish Mines.
 23450 | D:12     | Reached skill level 1 in Air Magic
 23592 | D:12     | Found a roughly hewn altar of Beogh.
 23766 | Orc:1    | Entered Level 1 of the Orcish Mines
 24190 | Orc:3    | Found a roughly hewn altar of Beogh.
 24857 | Orc:4    | Entered Level 4 of the Orcish Mines
 25026 | Orc:4    | Found a burning altar of Makhleb.
 25147 | Orc:4    | Found a staircase to the Elven Halls.
 27768 | Orc:4    | Reached XP level 14. HP: 85/116 MP: 11/33
 28138 | Orc:4    | Found Coidiug's General Store.
 28139 | Orc:4    | Found Thufusemm's Magic Scroll Emporium.
 28139 | Orc:4    | Found Pidgha Rain's General Store.
 28140 | Orc:4    | Found Iptez's Jewellery Emporium.
 28472 | Orc:2    | Noticed Erica
 28531 | Orc:2    | Killed Erica
 29443 | Shoals:1 | Entered Level 1 of the Shoals
 30894 | Shoals:1 | Reached skill level 10 in Ice Magic
 33265 | Shoals:3 | Noticed Snorg
 33869 | Elf:1    | Entered Level 1 of the Elven Halls
 35011 | Elf:1    | Gained mutation: Your magical capacity is low (-10% MP). [a shining eye]
 35314 | Elf:1    | Reached XP level 15. HP: 124/124 MP: 17/30
 36144 | Elf:2    | Paralysed by an orc sorcerer for 4 turns
 36290 | Elf:2    | Learned a level 6 spell: Iron Shot
 36692 | Elf:2    | Got a transparent helmet
 36703 | Elf:2    | Identified the -5 helmet "Yxzuo" {Dex+2 Int+3 Curse} (You found it on level 2 of the Elven Halls)
 37505 | Spider:1 | Entered Level 1 of the Spider Nest
 37731 | Spider:1 | Reached skill level 1 in Earth Magic
 38851 | Spider:1 | Reached skill level 5 in Hexes
 38861 | Spider:1 | Reached skill level 5 in Air Magic
 41477 | Spider:2 | Noticed Arachne
 41835 | Spider:2 | Killed Arachne
 42906 | Spider:2 | Learned a level 6 spell: Freezing Cloud
 42937 | Spider:2 | Reached skill level 10 in Spellcasting
 44165 | Spider:2 | Reached skill level 10 in Summonings
 44659 | Spider:2 | Reached XP level 16. HP: 71/134 MP: 3/31
 45414 | Spider:3 | Reached skill level 11 in Ice Magic
 46120 | Spider:3 | Reached skill level 10 in Fighting
 46209 | Spider:3 | Identified a +0 rod of clouds (11/11) (You found it on level 1 of the Spider Nest)
 48926 | Spider:5 | Entered Level 5 of the Spider Nest
 49409 | Spider:5 | Got a flickering copper amulet
 49410 | Spider:5 | Identified the amulet "Wiofelin" {Faith +Blink} (You found it on level 5 of the Spider Nest)
 53519 | Spider:5 | Got a gossamer rune of Zot
 53913 | Spider:5 | Reached XP level 17. HP: 141/141 MP: 30/32
 54959 | D:11     | Learned a level 6 spell: Mass Confusion
 54963 | D:11     | Learned a level 3 spell: Flight
 55352 | Shoals:3 | Noticed Roxanne
 55360 | Shoals:3 | Killed Snorg
 55456 | Shoals:3 | Reached skill level 5 in Earth Magic
 55628 | Shoals:3 | Got a faintly glowing mace
 55941 | Shoals:3 | Killed Roxanne
 57421 | Shoals:5 | Entered Level 5 of the Shoals
 57425 | Shoals:5 | Reached skill level 10 in Conjurations
 58442 | Shoals:5 | Got a barnacled rune of Zot
 58646 | Shoals:5 | Reached skill level 1 in Charms
 59539 | Shoals:5 | Identified the +11 mace of the Feather {flame, Str+1} (You found it on level 3 of the Shoals)
 59887 | Shoals:5 | Noticed Ilsuiw
 59902 | Shoals:5 | Killed Ilsuiw
 61219 | D:13     | Found a flagged portal.
 61255 | Bailey   | Entered a bailey
 61750 | Bailey   | Got a jewelled executioner's axe
 61964 | Bailey   | Identified the +10 executioner's axe of Izairel {chop, Int+2} (You found it in a bailey)
 62185 | D:13     | Found a gate to the Vaults.
 62197 | D:13     | Reached skill level 12 in Ice Magic
 62198 | D:13     | Reached XP level 18. HP: 125/151 MP: 33/33
 62333 | D:13     | Found a corrupted altar of Lugonu.
 62611 | Vaults:1 | Entered Level 1 of the Vaults
 64822 | Vaults:1 | Found Ninkecae's Food Shoppe.
 65746 | Vaults:2 | Paralysed by a sphinx for 5 turns
 65907 | Vaults:2 | Noticed Margery
 65924 | Vaults:2 | Killed Margery
 66144 | Vaults:2 | Noticed Asterion
 66166 | Vaults:2 | Killed Asterion
 67430 | Vaults:2 | Reached XP level 19. HP: 91/158 MP: 1/34
 70257 | Vaults:2 | Noticed Mennas
 71875 | D:15     | Entered Level 15 of the Dungeon
 72068 | D:15     | Found a sparkling altar of Nemelex Xobeh.
 72556 | D:15     | Found a staircase to the Depths.
 72636 | D:15     | Got a shimmering leather armour
 72663 | D:15     | Identified the +0 leather armour of the Dragon {Str+3 Stlth-} (You found it on level 15 of the Dungeon)
 73652 | Elf:3    | Entered Level 3 of the Elven Halls
 74019 | Elf:3    | Noticed Kirke
 74034 | Elf:3    | Killed Kirke
 74565 | Elf:3    | Reached skill level 1 in Shields
 74568 | Elf:3    | Reached skill level 10 in Stealth
 75137 | Elf:3    | Reached skill level 13 in Ice Magic
 75178 | Elf:3    | Noticed Nikola
 76385 | Elf:3    | Killed Nikola
 76385 | Elf:3    | Reached skill level 10 in Hexes
 76395 | Elf:3    | Reached XP level 20. HP: 160/168 MP: 9/35
 76858 | Elf:3    | Identified the Grimoire of Igneous Damage Dealing (You found it on level 3 of the Elven Halls)
 76871 | Elf:3    | Identified the Reference Book on Warped Snow
 76893 | Elf:3    | Identified a +1 pair of boots of running (You found it on level 3 of the Elven Halls)
 76897 | Elf:3    | Got a crude trident
 76898 | Elf:3    | Identified the +8 trident "Threod" {venom, rC+ Str-1} (You found it on level 3 of the Elven Halls)
 76964 | Elf:3    | Got a shimmering flail
 76965 | Elf:3    | Identified the +2 flail of the Eggplant {speed, rElec rF+} (You took it off a deep elf sorcerer on level 3 of the Elven Halls)
 77463 | Slime:1  | Entered Level 1 of the Pits of Slime
 78212 | Slime:2  | Reached skill level 5 in Charms
 78332 | Slime:2  | Learned a level 6 spell: Monstrous Menagerie
 78803 | Slime:3  | Gained mutation: You are frail (-10% HP). [a shining eye]
 81609 | Slime:6  | Entered Level 6 of the Pits of Slime
 81618 | Slime:6  | Gained mutation: Your spells are a little easier to cast, but a little less powerful. [a shining eye]
 81829 | Slime:6  | Reached skill level 10 in Air Magic
 82053 | Slime:6  | Noticed the royal jelly
 82510 | Slime:6  | Killed the royal jelly
 83166 | Slime:6  | Reached skill level 10 in Evocations
 83935 | Slime:6  | Identified the Papyrus of Virous Stones
 83939 | Slime:6  | Identified the Handbook of Doomed Enhancements
 84007 | Slime:6  | Got a slimy rune of Zot
 84053 | Slime:6  | Learned a level 3 spell: Passwall
 84095 | Slime:6  | Got a crude great mace
 84101 | Slime:6  | Identified the +10 great mace of Throuxt {crush, rN+} (You found it on level 6 of the Pits of Slime)
 84146 | Slime:6  | Got a slimy plate armour
 84147 | Slime:6  | Identified the cursed -5 plate armour of Trog's Hatred {+Fly rPois Stlth++} (You found it on level 6 of the Pits of Slime)
 84150 | Slime:6  | Got an encrusted hand axe
 84151 | Slime:6  | Identified the cursed +8 hand axe "Steadux" {venom, rN+} (You found it on level 6 of the Pits of Slime)
 84155 | Slime:6  | Got a slimy graven amulet
 84156 | Slime:6  | Identified the amulet of Veus {Faith rF- Dex+3} (You found it on level 6 of the Pits of Slime)
 84760 | D:4      | Bought a scroll of amnesia for 73 gold pieces
 84760 | D:4      | Bought 2 potions of brilliance for 105 gold pieces
 84760 | D:4      | Bought a scroll of teleportation for 63 gold pieces
 84760 | D:4      | Bought a golden ring for 105 gold pieces
 84929 | D:8      | Bought a meat ration for 50 gold pieces
 84929 | D:8      | Bought a bread ration for 50 gold pieces
 84929 | D:8      | Bought a meat ration for 50 gold pieces
 84929 | D:8      | Bought a bread ration for 50 gold pieces
 84929 | D:8      | Bought 3 fruits for 45 gold pieces
 84929 | D:8      | Bought a bread ration for 50 gold pieces
 84929 | D:8      | Bought a bread ration for 50 gold pieces
 84929 | D:8      | Bought a bread ration for 50 gold pieces
 84929 | D:8      | Bought a meat ration for 50 gold pieces
 84929 | D:8      | Bought a bread ration for 50 gold pieces
 84951 | D:8      | Bought a scroll of holy word for 90 gold pieces
 84951 | D:8      | Bought a scroll of fear for 42 gold pieces
 84998 | D:8      | Bought a potion of brilliance for 27 gold pieces
 84998 | D:8      | Bought a potion of heal wounds for 33 gold pieces
 84998 | D:8      | Bought a potion of restore abilities for 33 gold pieces
 84998 | D:8      | Bought a potion of berserk rage for 33 gold pieces
 84998 | D:8      | Bought a potion of brilliance for 27 gold pieces
 84998 | D:8      | Bought a potion of flight for 33 gold pieces
 85248 | D:11     | Learned a level 7 spell: Summon Hydra
 85289 | D:11     | Learned a level 6 spell: Monstrous Menagerie
 85697 | Orc:4    | Bought a meat ration for 80 gold pieces
 85697 | Orc:4    | Bought a slice of pizza for 24 gold pieces
 85697 | Orc:4    | Bought a meat ration for 80 gold pieces
 85697 | Orc:4    | Bought a potion of cancellation for 88 gold pieces
 85699 | Orc:4    | Bought a meat ration for 75 gold pieces
 85699 | Orc:4    | Bought a wand of digging (14) for 540 gold pieces
 86830 | Vaults:3 | Reached skill level 10 in Armour
 87298 | Vaults:3 | Found a flickering gateway to a bazaar.
 87308 | Bazaar   | Entered a bazaar
 87322 | Bazaar   | Found Cligutai's Weapon Emporium.
 87351 | Bazaar   | Found Suatarua's Distillery.
 87376 | Bazaar   | Bought a potion of brilliance for 35 gold pieces
 87376 | Bazaar   | Bought a potion of brilliance for 35 gold pieces
 87376 | Bazaar   | Bought a potion of curing for 28 gold pieces
 87376 | Bazaar   | Bought a potion of curing for 28 gold pieces
 87376 | Bazaar   | Bought a potion of curing for 28 gold pieces
 87376 | Bazaar   | Bought a potion of invisibility for 77 gold pieces
 87376 | Bazaar   | Bought a potion of might for 35 gold pieces
 87376 | Bazaar   | Bought a potion of beneficial mutation for 490 gold pieces
 87383 | Bazaar   | Gained mutation: You are partially covered in iridescent scales (AC +4). [potion of beneficial mutation]
 87790 | Vaults:3 | Found a staircase to the Crypt.
 88040 | Vaults:4 | Reached XP level 21. HP: 133/158 MP: 28/36
 89337 | Vaults:4 | Reached skill level 5 in Shields
 89743 | Vaults:4 | Noticed Wiglaf
 89751 | Vaults:4 | Killed Wiglaf
 90319 | Vaults:4 | Noticed Xtahua
 90341 | Vaults:4 | Killed Xtahua
 90748 | Vaults:5 | Entered Level 5 of the Vaults
 91611 | Vaults:5 | Reached skill level 10 in Dodging
 91616 | Vaults:5 | HP: 2/159 [quicksilver dragon/bolt of dispelling energy (32)]
 91621 | Vaults:5 | Killed from afar by a titan

Action                   |  1- 3 |  4- 6 |  7- 9 | 10-12 | 13-15 | 16-18 | 19-21 || total
-------------------------+-------+-------+-------+-------+-------+-------+-------++-------
Melee: Club              |    10 |       |       |       |       |       |       ||    10
       Short sword       |    22 |    26 |       |       |       |       |       ||    48
       Flail             |       |    40 |    40 |       |       |       |     3 ||    83
       Scythe            |       |    13 |       |       |       |       |       ||    13
       Dagger            |       |    12 |   236 |   885 |   545 |   240 |   220 ||  2138
       Hand axe          |       |       |    59 |       |       |       |       ||    59
Throw: Throwing net      |       |       |       |       |     1 |       |       ||     1
 Cast: Freeze            |    74 |    47 |     7 |    25 |    64 |       |       ||   217
       Summon Ice Beast  |       |     3 |   122 |   274 |   474 |    44 |    58 ||   975
       Throw Icicle      |       |       |    12 |    36 |   559 |   753 |   541 ||  1901
       Sticky Flame      |       |       |       |    17 |   103 |    43 |    25 ||   188
       Lightning Bolt    |       |       |       |       |    19 |       |       ||    19
       Cause Fear        |       |       |       |       |     9 |     1 |     1 ||    11
       Freezing Cloud    |       |       |       |       |     6 |   200 |   174 ||   380
       Iron Shot         |       |       |       |       |     2 |    59 |    62 ||   123
       Flight            |       |       |       |       |       |    12 |       ||    12
       Mass Confusion    |       |       |       |       |       |     4 |     7 ||    11
       Monstrous Menager |       |       |       |       |       |       |    99 ||    99
       Summon Hydra      |       |       |       |       |       |       |    39 ||    39
       Passwall          |       |       |       |       |       |       |     4 ||     4
 Abil: Evoke Flight      |       |       |       |       |     5 |       |       ||     5
       Evoke Blink       |       |       |       |       |       |    22 |     1 ||    23
Evoke: Wand              |       |    31 |    19 |    26 |    41 |    20 |    22 ||   159
       Crystal ball of e |       |       |       |       |       |     3 |     9 ||    12
  Use: Scroll            |     4 |     9 |    17 |    17 |    20 |    15 |    45 ||   127
       Potion            |       |     8 |     4 |     8 |    10 |     5 |    19 ||    54
 Stab: Sleeping          |       |     2 |     2 |     7 |     2 |       |       ||    13
       Distracted        |       |     1 |     6 |    21 |     5 |     3 |     3 ||    39
       Invisible         |       |       |       |       |     4 |       |       ||     4
       Confused          |       |       |       |       |       |     1 |       ||     1
  Eat: Chunk             |     2 |     9 |    32 |    44 |    74 |    95 |    65 ||   321
       Pizza             |       |     2 |       |       |     1 |     3 |     2 ||     8
       Beef jerky        |       |       |     2 |       |       |     3 |     2 ||     7
       Meat ration       |       |       |     1 |       |       |     2 |     9 ||    12
       Fruit             |       |       |       |    10 |    16 |     5 |     8 ||    39
       Royal jelly       |       |       |       |       |     2 |     4 |     1 ||     7
       Bread ration      |       |       |       |       |       |       |     2 ||     2
